Map: Exílio do Traidor

Players

IagoAbreu - Winner!

  • Race: Zerg Zerg
  • League: Silver
  • Spawn Location: 9:00

Matt - Winner!

  • Race: Terran Terran
  • League: Silver
  • Spawn Location: 12:00

Woden

  • Race: Protoss Protoss
  • Spawn Location: 6:00

Zodd

  • Race: Terran Terran
  • Spawn Location: 5:00

VOD

Have the link to the VOD?

Description

Time

  • Played on: May 15, 2018, 12:48 p.m.
  • Length: 4:55
Show
View Real Time Build Order
Export as new Build Order

IagoAbreu Zerg - Winner!

Build Orders: Hatch First 

Get SALT Encoding   

  12  0:05  Drone  
  13  0:21  Overlord  
  13  0:22  Drone  
  13  0:25  Extractor  
  13  0:26  Drone  
  14  0:40  Drone  
  15  1:04  Drone x2  
  17  1:43  Hatchery  
  16  1:49  Spawning Pool  
  16  1:50  Drone x3  
  18  1:56  Evolution Chamber  
  17  2:17  Drone x2  
  19  2:33  Drone  
  20  2:40  Roach Warren  
  20  2:41  Zergling x2  
  20  2:51  Zerg Missile Weapons Level 1  
  20  3:01  Drone, Queen  
  24  3:05  Zergling x4  
  25  3:18  Spine Crawler  
  24  3:21  Zergling x4  
  26  3:37  Roach  
  28  4:03  Overlord  
  28  4:04  Overlord x2  
  28  4:22  Roach x5  
  28  4:23  Roach  
Show
View Real Time Build Order
Export as new Build Order

Matt Terran - Winner!

Build Orders:  

Get SALT Encoding   

  12  0:02  SCV  
  13  0:15  SCV  
  14  0:23  Supply Depot  
  14  0:31  SCV  
  15  0:49  SCV  
  16  0:53  Barracks  
  16  1:12  Refinery  
  16  1:13  SCV  
  17  1:45  SCV  
  18  1:48  Marine  
  19  1:54  Supply Depot  
  19  2:07  Barracks  
  19  2:10  Marine  
  20  2:23  Factory  
  20  2:24  SCV  
  21  2:37  SCV  
  22  2:57  Marine  
  22  2:58  Bunker  
  23  3:20  Marine  
  23  3:25  Bunker  
  24  3:28  Factory Tech Lab  
  24  3:33  SCV, Supply Depot  
  25  3:38  Marine x2  
  27  3:45  Refinery  
  27  3:52  Factory  
  27  3:56  Marine  
  28  4:14  Hellion  
  30  4:19  Starport  
  30  4:25  SCV  
  30  4:26  Barracks Tech Lab  
  31  4:38  Factory Reactor  
Show
View Real Time Build Order
Export as new Build Order

Woden Protoss 

Build Orders:  

Get SALT Encoding   

  1  0:00  Probe  
  13  0:07  Probe  
  14  0:36  Probe  
  15  1:07  Pylon  
  15  1:09  Assimilator  
  15  1:14  Assimilator  
  15  1:18  Assimilator  
  15  1:22  Probe  
  16  1:26  Pylon  
  16  1:31  Probe  
  17  1:43  Gateway  
  17  1:46  Assimilator  
  17  1:52  Pylon  
  17  2:00  Forge, Probe  
  18  2:08  Probe  
  19  2:18  Probe  
  19  2:30  Probe  
  20  2:38  Cybernetics Core  
  20  2:43  Photon Cannon  
  20  3:05  Photon Cannon  
  20  3:31  Stargate  
  19  3:37  Stargate  
  19  3:39  Pylon  
  19  4:12  Photon Cannon  
  18  4:41  Nexus  
Show
View Real Time Build Order
Export as new Build Order

Zodd Terran 

Build Orders:  

Get SALT Encoding   

  12  0:03  SCV  
  13  0:31  Supply Depot  
  13  0:38  SCV  
  14  0:46  Refinery  
  14  0:50  SCV  
  15  1:02  SCV  
  16  1:09  Barracks  
  16  1:14  SCV  
  17  1:26  SCV  
  18  1:38  SCV  
  19  1:56  Command Center  
  19  2:12  Barracks Tech Lab  
  19  2:35  Marine  
  20  2:38  Supply Depot  
  20  2:53  Marine  
  21  2:59  Combat Shields  
  20  3:10  Supply Depot  
  20  3:11  Marine  
  21  3:18  Supply Depot  
  21  3:28  Marine  
  22  3:46  Marine  
  16  4:04  Marine  
  12  4:22  Marine  
Tags
 
Add a new tag
Caveats
  • Supply blocks, unpowered buildings, or Contaminate may cause inaccurate times.
  • Supply counts are checked every 10 seconds.